Map: Terraform LE (Void)

Players

RepMeaSt (Semper) - Winner!

  • Race: Terran Terran
  • League: Master

NinjaNight

  • Race: Protoss Protoss
  • League: Master

Event: Lycan League Weekly August #2

VOD

Have the link to the VOD?

Description

Time

  • Played on: Aug. 10, 2015, 1:22 p.m.
  • Length: 6:09

All games in this series

Show
View Real Time Build Order
Export as new Build Order

RepMeaSt Terran - Winner!

Build Orders:  

Get SALT Encoding   

  12  0:01  SCV  
  13  0:13  SCV  
  14  0:17  Supply Depot  
  14  0:25  SCV  
  15  0:28  Refinery  
  15  0:39  SCV  
  16  0:48  Barracks  
  16  0:51  SCV  
  17  1:03  SCV  
  18  1:15  SCV  
  19  1:27  SCV  
  20  1:36  Reaper  
  20  1:39  Orbital Command  
  21  1:52  Command Center  
  21  2:02  Factory  
  21  2:06  SCV  
  22  2:09  Barracks Reactor  
  22  2:17  Supply Depot  
  22  2:21  SCV  
  23  2:27  Engineering Bay  
  23  2:37  Refinery  
  23  2:39  SCV  
  24  2:47  Marine x2  
  24  2:49  Factory Tech Lab  
  26  2:51  SCV  
  26  2:55  Missile Turret  
  27  3:05  Orbital Command  
  27  3:08  Marine x2  
  32  3:12  Cyclone  
  32  3:16  SCV  
  32  3:25  Bunker  
  32  3:26  Marine x2  
  34  3:29  Orbital Command  
  34  3:33  Bunker  
  34  3:37  SCV  
  35  3:49  SCV, Cyclone  
  35  3:50  Marine x2  
  41  3:58  SCV  
  41  4:01  SCV  
  43  4:04  Supply Depot  
  43  4:06  Supply Depot  
  43  4:13  SCV  
  44  4:17  Marine x2  
  44  4:21  Starport  
  46  4:25  Missile Turret  
  46  4:31  SCV  
  47  4:44  Marine  
  46  4:46  Marine  
  46  4:50  SCV  
  43  4:52  Supply Depot  
  43  4:58  Viking  
  44  5:02  Widow Mine  
  45  5:07  Marine  
  45  5:08  Marine  
  45  5:14  SCV  
  46  5:17  Supply Depot  
  45  5:25  Marine  
  45  5:26  Marine  
  45  5:28  Viking  
  49  5:33  Widow Mine  
  48  5:43  Marine  
  48  5:49  Marine  
Show
View Real Time Build Order
Export as new Build Order

NinjaNight Protoss 

Build Orders: Mass Adepts 

Get SALT Encoding   

  12  0:01  Probe  
  13  0:15  Pylon  
  13  0:18  Probe  
  14  0:33  Probe (Chrono Boost)  
  14  0:35  Gateway  
  16  0:44  Probe (Chrono Boost)  
  16  0:48  Assimilator  
  16  0:49  Assimilator  
  16  0:53  Probe (Chrono Boost)  
  17  1:05  Probe (Chrono Boost)  
  18  1:14  Probe (Chrono Boost)  
  18  1:17  Pylon  
  19  1:23  Cybernetics Core  
  19  1:24  Probe  
  20  1:28  Pylon  
  20  1:36  Probe  
  21  1:48  Probe  
  22  1:54  Warp Gate (Chrono Boost)  
  22  1:59  Stargate  
  22  2:00  Probe, Adept  
  25  2:32  Gateway  
  25  2:34  Gateway  
  25  2:42  Void Ray (Chrono Boost)  
  29  2:52  Gateway  
  29  2:54  Pylon  
  29  3:22  Void Ray (Chrono Boost)  
  33  3:27  Pylon  
  33  3:44  Adept x2  
  37  3:49  Adept  
  37  3:50  Adept  
  41  4:05  Adept x2  
  41  4:08  Pylon  
  45  4:32  Adept  
  45  4:33  Adept x3  
  45  4:54  Adept x3  
  45  4:55  Adept  
  47  5:17  Adept x3  
  53  5:21  Pylon  
  53  5:22  Pylon  
  49  5:55  Adept x2  
  49  5:56  Adept x2  

Tags
 
Add a new tag
Caveats
  • Supply blocks, unpowered buildings, or Contaminate may cause inaccurate times.
  • Supply counts are checked every 10 seconds.